[Event "Titled Tuesday Blitz July 11 Early 2023"]
[White "Avazkhonov, Alikhon"]
[Black "Shukhman, Anna"]
[WhiteFideId "14208504"]
[BlackFideId "54180058"]
[WhiteElo "2432"]
[BlackElo "2600"]
[Result "1/2-1/2"]
[Round "3"]
[TimeControl "180+2"]
[Date "2023.07.11"]
[WhiteClock "0:00:04"]
[BlackClock "0:00:08"]
[Board "104"]

1. d4 Nf6 2. c4 g6 3. Nc3 d5 4. cxd5 Nxd5 5. e4 Nxc3 6. bxc3 Bg7 7. Nf3 c5 8. Be3 O-O 9. Qd2 Qa5 10. Rb1 cxd4 11. cxd4 Qxd2+ 12. Kxd2 b6 13. h4 Bb7 14. Bd3 Rd8 15. h5 Nd7 16. hxg6 hxg6 17. e5 Bxf3 18. gxf3 Bxe5 19. dxe5 Nxe5 20. Rb3 Rac8 21. Rd1 Nxf3+ 22. Ke2 Nd4+ 23. Bxd4 Rxd4 24. Bb1 Rxd1 25. Kxd1 Kg7 26. Be4 f5 27. Bf3 e5 28. Rd3 Rc7 29. Rd6 e4 30. Be2 g5 31. Bh5 g4 32. Kd2 Rc5 33. Ke3 f4+ 34. Kxf4 Rxh5 35. Rd7+ Kf6 36. Rxa7 Rf5+ 37. Kxg4 Rxf2 38. Ra6 Ke5 39. Rxb6 e3 40. Kg3 Rf8 41. Rb7 Ke4 42. a4 Rg8+ 43. Kh2 e2 44. a5 Kd3 45. Rd7+ Kc2 46. Re7 Kd2 47. Rd7+ Ke1 48. a6 Rf8 49. Kg2 Rg8+ 50. Kh2 Kf2 51. Rf7+ Ke3 52. Re7+ Kf3 53. Rf7+ Ke3 54. Re7+ Kf2 55. Rf7+ Ke1 56. Re7 Rd8 57. a7 Kd1 58. Rd7+ Rxd7 59. a8=Q Rh7+ 60. Kg2 Rg7+ 61. Kf3 Rf7+ 62. Kg2 e1=Q 63. Qa1+ Kd2 64. Qa2+ Kc1 65. Qxf7 Qd2+ 66. Qf2 Qxf2+ 67. Kxf2 1/2-1/2


[Site "https://www.chess.com"]

[Event "Titled Tuesday Blitz July 11 Early 2023"]
[White "KorolDimitriy75"]
[Black "Nefedov, Sergey"]
[BlackFideId "24113417"]
[WhiteElo "2430"]
[BlackElo "2599"]
[Result "0-1"]
[Round "3"]
[TimeControl "180+2"]
[Date "2023.07.11"]
[WhiteClock "0:00:00"]
[BlackClock "0:00:10"]
[Board "105"]

1. d4 d5 2. c4 e6 3. Nc3 Nf6 4. Bg5 Be7 5. cxd5 exd5 6. e3 c6 7. Bd3 Be6 8. Qc2 Nbd7 9. Nge2 Nh5 10. Bxe7 Qxe7 11. O-O g6 12. f3 c5 13. dxc5 Nxc5 14. Bb5+ Kf8 15. Nd4 Kg7 16. Rfe1 Rhd8 17. Rad1 Rac8 18. Bf1 Nf6 19. Qf2 a6 20. h3 b5 21. a3 h6 22. Rd2 Nfd7 23. Red1 Ne5 24. Nxe6+ fxe6 25. e4 Nb3 26. Re2 d4 27. Nb1 Nc4 28. Rd3 Nc1 29. Re1 Nxd3 30. Bxd3 Ne5 31. Bf1 d3 32. f4 Nc4 33. Rd1 Qc5 34. Qxc5 Rxc5 35. b3 Nb2 36. Rd2 Rc2 37. Kf2 Nd1+ 38. Kf3 Nc3 0-1


[Site "https://www.chess.com"]

[Event "Titled Tuesday Blitz July 11 Early 2023"]
[White "Avila Jimenez, Xavier"]
[Black "Krallis, Christos"]
[WhiteFideId "2210533"]
[BlackFideId "4298896"]
[WhiteElo "2429"]
[BlackElo "2595"]
[Result "0-1"]
[Round "3"]
[TimeControl "180+2"]
[Date "2023.07.11"]
[WhiteClock "0:00:15"]
[BlackClock "0:00:18"]
[Board "106"]

1. d4 Nf6 2. c4 d6 3. Nc3 c6 4. e4 g6 5. f4 Bg7 6. Nf3 O-O 7. Bd3 Bg4 8. h3 Bxf3 9. Qxf3 Nfd7 10. Be3 a6 11. a4 a5 12. O-O Na6 13. Rad1 Nb4 14. Bb1 Qc7 15. e5 Nb6 16. b3 Rad8 17. Qf2 Nc8 18. Ne4 d5 19. Ng5 dxc4 20. bxc4 Nb6 21. Qe2 Nxa4 22. Rc1 h6 23. Nf3 e6 24. Nd2 c5 25. dxc5 Nxc5 26. Kh2 a4 27. Bxc5 Qxc5 28. Ne4 Qa5 29. Nd6 Rd7 30. Be4 Bxe5 31. fxe5 Qxe5+ 32. Kh1 Rxd6 33. c5 Rd4 34. Rfe1 Rc8 35. Qf3 Qg5 36. Qc3 Rxe4 37. Rxe4 Na2 38. Qc4 Qxc1+ 39. Qxc1 Nxc1 40. Rxa4 Nd3 41. Ra7 Nxc5 42. Kg1 b5 43. Kf2 b4 44. Ra5 b3 45. Rb5 b2 46. Ke3 Na4 47. Rb3 Rc3+ 48. Kd4 Rxb3 0-1


[Site "https://www.chess.com"]

[Event "Titled Tuesday Blitz July 11 Early 2023"]
[White "Zavgorodniy, Sergiy"]
[Black "Rom, Jasper"]
[WhiteFideId "14110148"]
[BlackFideId "2023733"]
[WhiteElo "2594"]
[BlackElo "2426"]
[Result "1-0"]
[Round "3"]
[TimeControl "180+2"]
[Date "2023.07.11"]
[WhiteClock "0:00:12"]
[BlackClock "0:00:00"]
[Board "107"]

1. e4 e6 2. d3 d5 3. Qe2 Nf6 4. Nf3 Nc6 5. g3 dxe4 6. dxe4 Bc5 7. Bg2 e5 8. O-O O-O 9. Bg5 h6 10. Rd1 Qe7 11. Bxf6 Qxf6 12. Nc3 Bg4 13. Nd5 Qg6 14. c3 Qh5 15. b4 Bd6 16. a3 Rae8 17. Ne3 Be6 18. h4 Qg6 19. Kh2 Ne7 20. Nd2 f5 21. exf5 Nxf5 22. Be4 Qf7 23. Nxf5 Bxf5 24. Bxf5 Qxf5 25. Ne4 Be7 26. Kg2 Qg6 27. h5 Qf5 28. Rd3 Rd8 29. Rad1 Rxd3 30. Rxd3 Kh7 31. a4 Rf7 32. Re3 Bd6 33. Qd3 Kh8 34. f3 Qxh5 35. Nxd6 Rd7 36. Qf5 Qxf5 37. Nxf5 Rd2+ 38. Kh3 Kh7 39. Rxe5 g6 40. Re7+ Kg8 41. Nxh6+ Kf8 42. Rf7+ Ke8 43. Rxc7 Rd3 44. Kg4 Kd8 45. Rxb7 Rxc3 46. Rxa7 Rc4+ 47. f4 Rxb4 48. Kg5 Rb3 49. g4 1-0


[Site "https://www.chess.com"]

[Event "Titled Tuesday Blitz July 11 Early 2023"]
[White "Mazurkiewicz, Michal"]
[Black "Al-Tarboush, Ward"]
[WhiteFideId "1124943"]
[BlackFideId "7601450"]
[WhiteElo "2424"]
[BlackElo "2593"]
[Result "0-1"]
[Round "3"]
[TimeControl "180+2"]
[Date "2023.07.11"]
[WhiteClock "0:00:00"]
[BlackClock "0:01:33"]
[Board "108"]

1. e4 b6 2. g3 Bb7 3. Bg2 e5 4. d3 Nf6 5. Nf3 Nc6 6. O-O Bc5 7. c3 d5 8. b4 Bd6 9. Nbd2 O-O 10. Bb2 a5 11. a3 axb4 12. axb4 d4 13. cxd4 Nxd4 14. Bxd4 exd4 15. e5 Bxb4 16. Rxa8 Bxa8 17. exf6 Qxf6 18. Ne4 Bxe4 19. dxe4 c5 20. e5 Qe6 21. Qd3 Bc3 22. Qe4 b5 23. h4 h6 24. Kh2 b4 25. Bh3 Qc4 26. e6 f5 27. Qc6 Qe2 28. Qd5 Qe4 29. Qxe4 fxe4 30. Ne5 Re8 31. Bf5 e3 32. fxe3 dxe3 33. Rf3 Bxe5 34. Rxe3 Bd4 35. Re4 b3 36. e7 b2 37. Re1 Kf7 0-1


[Site "https://www.chess.com"]

[Event "Titled Tuesday Blitz July 11 Early 2023"]
[White "Piesik, Piotr"]
[Black "Nikologorsky, Matfei"]
[WhiteFideId "1136194"]
[BlackFideId "24102474"]
[WhiteElo "2592"]
[BlackElo "2424"]
[Result "1-0"]
[Round "3"]
[TimeControl "180+2"]
[Date "2023.07.11"]
[WhiteClock "0:02:17"]
[BlackClock "0:00:54"]
[Board "109"]

1. Nf3 Nf6 2. g3 b6 3. Bg2 Bb7 4. O-O e6 5. c4 d6 6. Nc3 Nbd7 7. d3 Be7 8. e4 O-O 9. Ne1 d5 10. cxd5 exd5 11. f4 dxe4 12. dxe4 Nc5 13. e5 Bxg2 14. Nxg2 Nfe4 15. Be3 Nxc3 16. bxc3 Qc8 17. Qf3 Qf5 18. Rfd1 Rad8 19. Bf2 h5 20. Ne3 Qe4 21. Qxh5 Nd3 22. Qf5 Nxf2 23. Kxf2 Qc4 24. Nxc4 1-0


[Site "https://www.chess.com"]

[Event "Titled Tuesday Blitz July 11 Early 2023"]
[White "Yurasova, Daria"]
[Black "Weishaeutel, Moritz"]
[WhiteFideId "34146919"]
[BlackFideId "12967300"]
[WhiteElo "2418"]
[BlackElo "2591"]
[Result "1-0"]
[Round "3"]
[TimeControl "180+2"]
[Date "2023.07.11"]
[WhiteClock "0:00:11"]
[BlackClock "0:00:05"]
[Board "110"]

1. d4 Nf6 2. Bg5 d5 3. Bxf6 exf6 4. e3 c6 5. g3 f5 6. Bg2 Nd7 7. Ne2 Nf6 8. Nd2 Bd6 9. O-O h5 10. h4 g5 11. hxg5 Ng4 12. Nf4 h4 13. gxh4 Rxh4 14. Nf3 Rh8 15. c4 Be6 16. Rc1 dxc4 17. d5 Bxd5 18. Nxd5 cxd5 19. Qd4 Ne5 20. Nxe5 Qxg5 21. Qxd5 Qe7 22. Nf3 O-O-O 23. Qxc4+ Kb8 24. Rfd1 Rdg8 25. Kf1 f4 26. Qd5 Rd8 27. e4 Rhg8 28. e5 Bc7 29. Qe4 Bb6 30. Qxf4 Rxd1+ 31. Rxd1 Qc5 32. Nd4 Rd8 33. e6+ Ka8 34. exf7 Qc4+ 35. Kg1 Rf8 36. b3 Qc7 37. Qxc7 Bxc7 38. Ne6 Rxf7 39. Nxc7+ Rxc7 40. Rd8+ Rc8 41. Rxc8# 1-0


[Site "https://www.chess.com"]

[Event "Titled Tuesday Blitz July 11 Early 2023"]
[White "Safin, Robert"]
[Black "Melikhov, Evgeny V."]
[WhiteFideId "34189120"]
[BlackFideId "4122046"]
[WhiteElo "2589"]
[BlackElo "2415"]
[Result "0-1"]
[Round "3"]
[TimeControl "180+2"]
[Date "2023.07.11"]
[WhiteClock "0:00:16"]
[BlackClock "0:01:10"]
[Board "111"]

1. e4 e5 2. Nf3 Nc6 3. Bc4 Nf6 4. Ng5 d5 5. exd5 Na5 6. Bb5+ c6 7. dxc6 bxc6 8. Bd3 Ng4 9. Nf3 f5 10. h3 Nxf2 11. Kxf2 e4 12. Nc3 Bc5+ 13. Kf1 O-O 14. Be2 exf3 15. Bxf3 Qd4 16. Qe1 Ba6+ 17. d3 Rae8 18. Qd2 Qh4 19. Nd1 Nc4 20. Qc3 Bd4 21. Bg5 Qg3 22. Qb3 Re1# 0-1


[Site "https://www.chess.com"]

[Event "Titled Tuesday Blitz July 11 Early 2023"]
[White "whiteglovethief"]
[Black "Arat, Ufuk Sezen"]
[BlackFideId "6309089"]
[WhiteElo "2416"]
[BlackElo "2588"]
[Result "1/2-1/2"]
[Round "3"]
[TimeControl "180+2"]
[Date "2023.07.11"]
[WhiteClock "0:00:17"]
[BlackClock "0:00:40"]
[Board "112"]

1. d4 Nf6 2. c4 e6 3. Nf3 b6 4. a3 Bb7 5. Nc3 d5 6. cxd5 Nxd5 7. e4 Nxc3 8. bxc3 c5 9. Bb5+ Bc6 10. Bxc6+ Nxc6 11. Qa4 Qd7 12. d5 Na5 13. Qxd7+ Kxd7 14. dxe6+ Kxe6 15. O-O f6 16. e5 fxe5 17. Re1 Bd6 18. Bf4 Nc4 19. Nxe5 Bxe5 20. Bxe5 Kf7 21. Re4 Nxe5 22. Rxe5 Rhe8 23. Rxe8 Rxe8 24. Kf1 Re4 25. a4 a6 26. Rb1 Rxa4 27. Rxb6 Ra3 28. Ke2 a5 29. Rb5 c4 30. Rb2 a4 31. Rb4 Rxc3 32. Rxa4 Rc2+ 33. Ke3 c3 34. Rc4 Rc1 35. Kd3 Rg1 36. g3 Rg2 37. Rf4+ Ke6 38. h4 Rg1 39. Kxc3 Rd1 40. Kc2 Rd8 41. Rf3 Rd7 42. Rd3 Rf7 43. f3 Ke5 44. Kd2 Ra7 45. Ke3 Rc7 46. g4 Rb7 47. h5 g6 48. h6 Re7 49. Rd8 Kf6+ 50. Kf4 g5+ 51. Kg3 Re6 52. Rd7 Kg6 53. Rc7 Kxh6 54. Rd7 Kg6 55. Rc7 h5 56. gxh5+ Kxh5 57. Rc5 Rf6 58. Rd5 Rf4 59. Rc5 Ra4 60. Rd5 Kg6 61. Re5 Ra1 62. Rd5 Rg1+ 63. Kf2 Rh1 64. Kg2 Rh4 65. Kg3 Kh5 66. Rd8 Ra4 67. Rd5 Ra3 68. Rc5 Re3 69. Rd5 Kg6 70. Rc5 Re6 71. Kg4 Rd6 72. Rxg5+ Kh6 73. Re5 Kg6 74. f4 Rd1 75. f5+ Kf6 76. Re6+ Kf7 77. Ra6 Rg1+ 78. Kf4 Rf1+ 79. Kg4 Rg1+ 80. Kf4 Rf1+ 81. Ke5 Re1+ 82. Kf4 Rf1+ 1/2-1/2


[Site "https://www.chess.com"]

[Event "Titled Tuesday Blitz July 11 Early 2023"]
[White "ATM622"]
[Black "Szyszylo, Rafal"]
[BlackFideId "1109626"]
[WhiteElo "2587"]
[BlackElo "2414"]
[Result "1-0"]
[Round "3"]
[TimeControl "180+2"]
[Date "2023.07.11"]
[WhiteClock "0:02:07"]
[BlackClock "0:01:42"]
[Board "113"]

1. d4 g6 2. g3 Nf6 3. Bg2 Bg7 4. Nf3 O-O 5. O-O d6 6. c4 Nc6 7. Nc3 a6 8. e4 Rb8 9. d5 Na5 10. Qe2 e5 11. b4 Nxc4 12. Qxc4 c6 13. dxc6 bxc6 14. Qxc6 Bb7 15. Qc4 Rc8 16. Qb3 Qc7 17. Bb2 Nxe4 18. Nxe4 Bxe4 19. Rac1 Qb6 20. Rfd1 Rxc1 21. Bxc1 Rb8 22. Ng5 Bxg2 23. Qxf7+ Kh8 24. Qe6 Rf8 25. Nf7+ Kg8 26. Nh6+ Kh8 27. Qg8+ Rxg8 28. Nf7# 1-0


[Site "https://www.chess.com"]

[Event "Titled Tuesday Blitz July 11 Early 2023"]
[White "Estrada Nieto, Julian"]
[Black "Altman, Joshua"]
[WhiteFideId "5101018"]
[BlackFideId "426210"]
[WhiteElo "2413"]
[BlackElo "2586"]
[Result "0-1"]
[Round "3"]
[TimeControl "180+2"]
[Date "2023.07.11"]
[WhiteClock "0:00:14"]
[BlackClock "0:00:04"]
[Board "114"]

1. e4 e6 2. d4 d5 3. Nd2 Nf6 4. e5 Nfd7 5. Bd3 c5 6. c3 Nc6 7. Ne2 Qb6 8. Nf3 cxd4 9. cxd4 f6 10. exf6 Nxf6 11. O-O Bd6 12. b3 e5 13. dxe5 Nxe5 14. Nxe5 Bxe5 15. Rb1 O-O 16. Bf4 Qd6 17. Bxe5 Qxe5 18. Qd2 Bg4 19. Qc3 Qg5 20. f3 Bh3 21. Ng3 Be6 22. Qd4 b6 23. Rbe1 Rae8 24. Re5 Qh6 25. Rfe1 Bd7 26. Bf5 Rxe5 27. Qxe5 Re8 28. Qc3 Rxe1+ 29. Qxe1 Kf7 30. Bxd7 Nxd7 31. Nf5 Qf6 32. Ne3 Qd4 33. Kf1 Ne5 34. Qe2 Nd3 35. g3 Nc1 36. Qe1 Qd3+ 37. Kg2 Ne2 38. Ng4 Kg8 39. Qb4 Qc2 40. Kh3 Ng1+ 41. Kh4 Nxf3+ 42. Kh5 Qf5# 0-1


[Site "https://www.chess.com"]

[Event "Titled Tuesday Blitz July 11 Early 2023"]
[White "Tanmay Jain"]
[Black "chess123456s"]
[WhiteFideId "45015481"]
[WhiteElo "2410"]
[BlackElo "2585"]
[Result "1-0"]
[Round "3"]
[TimeControl "180+2"]
[Date "2023.07.11"]
[WhiteClock "0:00:07"]
[BlackClock "0:00:10"]
[Board "115"]

1. Nf3 d5 2. d4 Nf6 3. g3 g6 4. Bg2 c6 5. O-O Bg7 6. c3 O-O 7. Nbd2 Bf5 8. Nh4 Be6 9. e4 dxe4 10. Nxe4 Nxe4 11. Bxe4 Nd7 12. Qe2 Bd5 13. Bf4 Nb6 14. Nf3 Re8 15. Rfe1 Bxe4 16. Qxe4 Qd5 17. Be5 Rac8 18. Bxg7 Kxg7 19. b3 c5 20. c4 Qxe4 21. Rxe4 cxd4 22. Rxd4 e5 23. Rd6 e4 24. Ne1 Rcd8 25. Rad1 Rxd6 26. Rxd6 e3 27. f4 Re7 28. Kg2 Nd7 29. Kf3 Nc5 30. Rd5 Ne4 31. Rd3 e2 32. Re3 Nd2+ 33. Kxe2 Rxe3+ 34. Kxe3 Nf1+ 35. Ke4 Nxh2 36. Ke5 Ng4+ 37. Kd6 f6 38. Kc7 b6 39. Kb7 g5 40. fxg5 fxg5 41. Kxa7 h5 42. Ng2 Nf2 43. Kxb6 Ne4 44. c5 Nxg3 45. c6 Nf5 46. c7 Ne7 47. a4 h4 48. Ne3 Kf6 49. a5 h3 50. Ng4+ Kf5 51. Nh2 g4 52. a6 g3 53. a7 Nc8+ 54. Ka6 g2 55. a8=Q g1=Q 56. Qxc8+ Ke4 57. Qe8+ Kd3 58. c8=Q Qxh2 59. Qed7+ Ke2 60. Qce8+ Kf1 61. Qdf7+ Kg2 62. Qeg8+ Qg3 63. Qxg3+ Kxg3 64. Qd5 Kh2 65. b4 Kg1 66. b5 h2 67. b6 Kf2 68. b7 Ke1 69. b8=Q Ke2 70. Qb2+ Ke3 71. Qdd4+ Kf3 72. Qbf2# 1-0


[Site "https://www.chess.com"]

[Event "Titled Tuesday Blitz July 11 Early 2023"]
[White "Tologon tegin, Semetei"]
[Black "Garagulya, Konstantin"]
[WhiteFideId "13800574"]
[BlackFideId "4128931"]
[WhiteElo "2584"]
[BlackElo "2408"]
[Result "0-1"]
[Round "3"]
[TimeControl "180+2"]
[Date "2023.07.11"]
[WhiteClock "0:01:34"]
[BlackClock "0:02:13"]
[Board "116"]

1. Nf3 Nf6 2. b3 e6 3. Bb2 d5 4. c4 b6 5. e3 Bb7 6. Nc3 Nbd7 7. d4 Bd6 8. Bd3 O-O 9. O-O a6 10. Qe2 Qe7 11. e4 dxe4 12. Nxe4 Nxe4 13. Bxe4 Bxe4 14. Qxe4 Nf6 15. Qh4 Nd7 16. Qh3 Rfe8 17. Rfe1 Nf8 18. d5 Qd7 19. Qg4 g6 20. Qg5 e5 21. Nxe5 Qe7 22. Qh6 f6 23. Ng4 Qxe1+ 0-1


[Site "https://www.chess.com"]

[Event "Titled Tuesday Blitz July 11 Early 2023"]
[White "Lana Rodriguez, David"]
[Black "Rios Escobar, Adan"]
[WhiteFideId "2270803"]
[BlackFideId "3403645"]
[WhiteElo "2582"]
[BlackElo "2403"]
[Result "1-0"]
[Round "3"]
[TimeControl "180+2"]
[Date "2023.07.11"]
[WhiteClock "0:02:03"]
[BlackClock "0:00:00"]
[Board "117"]

1. e4 c5 2. Nf3 d6 3. d4 cxd4 4. Qxd4 Nf6 5. Be2 Nc6 6. Qe3 g6 7. O-O Bg7 8. Rd1 O-O 9. h3 Qc7 10. c4 a6 11. Nc3 Rb8 12. Bd2 Be6 13. Rac1 Rfc8 14. Nd5 Qd8 15. Bc3 Nd7 16. Bxg7 Kxg7 17. Qc3+ f6 18. b4 Nce5 19. Nd4 Bxd5 20. exd5 Qb6 21. Ne6+ Kg8 22. Qd2 Nf7 23. a4 a5 24. bxa5 Qa7 25. Rb1 Nc5 26. Nxc5 Rxc5 27. Rb5 Ne5 28. Qb4 Rc7 29. Rb1 Rbc8 30. Rxb7 Qd4 31. Rxc7 Rxc7 32. Qb8+ Kf7 33. Qxc7 Qe4 34. Re1 Nd3 35. Bxd3 Qxe1+ 36. Bf1 Qb4 37. a6 Qxa4 38. a7 h5 39. Qb7 Qd1 40. a8=Q h4 41. Qbc8 f5 42. Qh8 1-0


[Site "https://www.chess.com"]

[Event "Titled Tuesday Blitz July 11 Early 2023"]
[White "Topalov, Aleksandar"]
[Black "Geivondian, Arman"]
[WhiteFideId "925659"]
[BlackFideId "24102032"]
[WhiteElo "2399"]
[BlackElo "2580"]
[Result "1-0"]
[Round "3"]
[TimeControl "180+2"]
[Date "2023.07.11"]
[WhiteClock "0:00:13"]
[BlackClock "0:01:30"]
[Board "118"]

1. b3 e5 2. Bb2 Nc6 3. c4 Nf6 4. e3 d5 5. cxd5 Nxd5 6. a3 Be6 7. Qc2 Qd7 8. Nf3 f6 9. Be2 O-O-O 10. d3 Bd6 11. Nbd2 g5 12. Nc4 g4 13. Nfd2 f5 14. O-O-O f4 15. e4 Nde7 16. Kb1 Ng6 17. Rc1 Kb8 18. Rhd1 h5 19. b4 a6 20. Nb3 Be7 21. d4 Nxd4 22. Nxd4 exd4 23. Rxd4 Qe8 24. Rxd8+ Qxd8 25. Bxh8 Qxh8 26. Na5 Bd6 27. Nc4 Be7 28. f3 g3 29. h3 Bf6 30. Na5 Be5 31. Nc4 Bd4 32. Rd1 Ne7 33. Qd2 Bf2 34. Qd8+ Qxd8 35. Rxd8+ Ka7 36. Re8 Bxh3 37. Bf1 Nc6 38. gxh3 Nd4 39. Nd2 Be3 40. Rd8 b6 41. Rxd4 Bxd4 42. Nb3 Be5 43. a4 b5 44. axb5 axb5 45. Kc2 Kb6 46. Nc5 c6 47. Nd7+ Kc7 48. Nxe5 Kd6 49. Ng6 c5 50. Nxf4 cxb4 51. Ne2 h4 52. Nf4 Ke5 53. Ng6+ Kd4 54. Nxh4 Ke3 55. e5 Kf2 56. Bg2 1-0


[Site "https://www.chess.com"]

[Event "Titled Tuesday Blitz July 11 Early 2023"]
[White "Llanos, Guillermo"]
[Black "Karttunen, Mika"]
[WhiteFideId "100358"]
[BlackFideId "502081"]
[WhiteElo "2394"]
[BlackElo "2578"]
[Result "0-1"]
[Round "3"]
[TimeControl "180+2"]
[Date "2023.07.11"]
[WhiteClock "0:00:00"]
[BlackClock "0:00:12"]
[Board "119"]

1. c4 e5 2. d3 f5 3. Nc3 Nf6 4. g3 Bb4 5. Bd2 O-O 6. Bg2 Nc6 7. Nf3 Re8 8. O-O Bf8 9. e4 d6 10. Bg5 h6 11. Bxf6 Qxf6 12. Nd5 Qf7 13. b4 fxe4 14. dxe4 Bg4 15. Qd3 Bxf3 16. Bxf3 Nd4 17. Bg2 c6 18. Ne3 a5 19. b5 Qc7 20. a4 Qb6 21. Nc2 Ne6 22. h4 Rad8 23. Qe3 Qxe3 24. Nxe3 Nc5 25. Rfd1 h5 26. f3 g6 27. g4 Bh6 28. g5 Bf8 29. Bf1 Ne6 30. Ng2 Nd4 31. Kf2 Rd7 32. Be2 Rf7 33. Ne1 Rc8 34. Rd2 Nb3 35. Rad1 Nxd2 36. Rxd2 Kg7 37. Nc2 Be7 38. Na1 Bd8 39. Kf1 Bb6 40. Nc2 Bc5 41. Ne1 Rcf8 42. Kg2 Rf4 43. Kg3 R4f7 44. Nd3 Bd4 45. Rd1 cxb5 46. axb5 Rc7 47. Nc1 a4 48. Na2 b6 49. Nb4 a3 50. Rb1 Ra7 51. Na2 Bb2 52. Rd1 Bd4 53. Rb1 Rc8 54. Rb3 Ra4 55. Bd3 Bb2 56. Kf2 Kf7 57. Ke2 Ke7 58. Kd2 Rf8 59. Ke2 Rf4 0-1


[Site "https://www.chess.com"]

[Event "Titled Tuesday Blitz July 11 Early 2023"]
[White "Andreev, Konstantin"]
[Black "a-z30"]
[WhiteFideId "24239305"]
[WhiteElo "2577"]
[BlackElo "2388"]
[Result "1-0"]
[Round "3"]
[TimeControl "180+2"]
[Date "2023.07.11"]
[WhiteClock "0:00:36"]
[BlackClock "0:00:00"]
[Board "120"]

1. e4 d6 2. d4 Nf6 3. Nc3 g6 4. h4 h5 5. f3 Bg7 6. Be3 O-O 7. Qd2 e5 8. Nge2 exd4 9. Nxd4 Nc6 10. O-O-O Nxd4 11. Bxd4 Be6 12. Kb1 c5 13. Be3 Qa5 14. Be2 Rfd8 15. g4 d5 16. Nxd5 Qxd2 17. Nxf6+ Bxf6 18. Rxd2 Rxd2 19. Bxd2 hxg4 20. fxg4 Rd8 21. Be3 b6 22. c3 Kg7 23. h5 g5 24. Kc2 Kh6 25. b3 Be5 26. Rf1 f6 27. a4 a5 28. Rb1 Kg7 29. b4 cxb4 30. Bxb6 b3+ 31. Rxb3 Bxb3+ 32. Kxb3 Rd2 33. Bc4 Rg2 34. Be6 Re2 35. Bf5 Re1 36. Bxa5 Rb1+ 37. Kc4 Rb8 38. Bb4 Rb7 39. a5 Bc7 40. Kc5 Bb8 41. Kc6 Rc7+ 42. Kb5 1-0


[Site "https://www.chess.com"]

[Event "Titled Tuesday Blitz July 11 Early 2023"]
[White "Bueno, Alfeu Junior Varela"]
[Black "Manukyan, Artyom"]
[WhiteFideId "2108879"]
[BlackFideId "13305786"]
[WhiteElo "2387"]
[BlackElo "2577"]
[Result "0-1"]
[Round "3"]
[TimeControl "180+2"]
[Date "2023.07.11"]
[WhiteClock "0:00:11"]
[BlackClock "0:00:16"]
[Board "121"]

1. e4 c5 2. Nc3 d6 3. f4 Nc6 4. Bb5 Bd7 5. Nf3 e6 6. d3 Nf6 7. O-O Be7 8. Bxc6 Bxc6 9. Qe1 O-O 10. Qg3 b5 11. f5 b4 12. Ne2 exf5 13. Bh6 Nh5 14. Qh3 fxe4 15. Qxh5 exf3 16. Qg4 g6 17. gxf3 f5 18. Qc4+ d5 19. Qa6 Rf6 20. Bg5 Rd6 21. Bf4 Re6 22. d4 Qc8 23. Qd3 Qb7 24. Be5 cxd4 25. f4 Bc5 26. Kg2 Bb5 27. Qd2 Rae8 28. Nxd4 Bxf1+ 29. Rxf1 Bxd4 30. Qxd4 Qc6 31. Rf2 Qc4 32. Qxa7 Qe4+ 33. Kg3 R6e7 34. Qb6 d4 35. Qxb4 Rxe5 36. fxe5 Qg4# 0-1


[Site "https://www.chess.com"]

[Event "Titled Tuesday Blitz July 11 Early 2023"]
[White "Streltsov, Alexey"]
[Black "Silva, Pedro Gil Ferreira Da"]
[WhiteFideId "24104434"]
[BlackFideId "1946102"]
[WhiteElo "2576"]
[BlackElo "2383"]
[Result "1-0"]
[Round "3"]
[TimeControl "180+2"]
[Date "2023.07.11"]
[WhiteClock "0:00:21"]
[BlackClock "0:00:16"]
[Board "122"]

1. d4 Nf6 2. Nc3 d5 3. Bf4 c6 4. f3 b5 5. a3 a5 6. e4 e6 7. Bd3 Nbd7 8. Nge2 Nb6 9. O-O Be7 10. Qe1 Ba6 11. e5 Nfd7 12. Qg3 g6 13. Bh6 Qc7 14. Qh3 Nc4 15. Bxc4 bxc4 16. Bg7 Rg8 17. Qxh7 O-O-O 18. Na4 c5 19. c3 Bb5 20. Nxc5 Nxc5 21. dxc5 Bxc5+ 22. Nd4 Ba4 23. Bf6 Rde8 24. Rf2 Kb7 25. Qh4 g5 26. Qg4 Ka6 27. Re1 Rb8 28. Bxg5 Rg6 29. f4 Rbg8 30. h4 Qb6 31. Rd2 Bd7 32. Qf3 R6g7 33. Kh2 Rh8 34. g4 Be8 35. Bf6 Rgh7 36. Bxh8 Rxh4+ 37. Kg3 Rxh8 38. Rh1 Rg8 39. Rh7 Bxd4 40. cxd4 Qd8 41. b3 Qc8 42. bxc4 Qxc4 43. Qd3 Kb5 44. Rb2+ Kc6 45. Qxc4+ dxc4 46. Rb8 Kd5 47. Rh1 Kxd4 48. Rd1+ Kc3 49. Rdd8 Kc2 50. Rxe8 Rxe8 51. Rxe8 c3 52. Rf8 Kb3 53. Rxf7 c2 54. Rc7 1-0


[Site "https://www.chess.com"]

[Event "Titled Tuesday Blitz July 11 Early 2023"]
[White "Leebit02"]
[Black "Molina Carretero, Daniel"]
[BlackFideId "32071914"]
[WhiteElo "2574"]
[BlackElo "2376"]
[Result "1-0"]
[Round "3"]
[TimeControl "180+2"]
[Date "2023.07.11"]
[WhiteClock "0:00:16"]
[BlackClock "0:00:53"]
[Board "123"]

1. e4 c5 2. Nf3 d6 3. d4 cxd4 4. Nxd4 Nf6 5. Nc3 g6 6. f3 Nc6 7. Be3 Bg7 8. Qd2 O-O 9. O-O-O d5 10. exd5 Nxd5 11. Nxc6 bxc6 12. Bd4 Bxd4 13. Qxd4 Qb6 14. Na4 Qa5 15. b3 Qc7 16. Bc4 Rd8 17. Rhe1 Be6 18. Nc5 Nf4 19. Nxe6 Nxe6 20. Qc3 Qxh2 21. Rxe6 Rxd1+ 22. Kxd1 Rd8+ 23. Kc1 Qg1+ 24. Re1 Qxg2 25. Kb2 Qg5 26. Re5 Qf6 27. f4 h5 28. Qe3 Kg7 29. Qxa7 h4 30. Qe3 Rh8 31. Bf1 Rh5 32. Bh3 g5 33. fxg5 Rxg5 34. Qxg5+ 1-0


[Site "https://www.chess.com"]

[Event "Titled Tuesday Blitz July 11 Early 2023"]
[White "Goldin, Roman"]
[Black "Gontcharov, Vladislav"]
[WhiteFideId "2803860"]
[BlackFideId "4123492"]
[WhiteElo "2383"]
[BlackElo "2573"]
[Result "0-1"]
[Round "3"]
[TimeControl "180+2"]
[Date "2023.07.11"]
[WhiteClock "0:00:00"]
[BlackClock "0:00:13"]
[Board "124"]

1. Nf3 Nf6 2. e3 c5 3. b3 g6 4. Bb2 Bg7 5. c4 O-O 6. Be2 Nc6 7. O-O b6 8. d4 cxd4 9. Nxd4 Bb7 10. Bf3 Qc8 11. Nc3 Ne5 12. Bxb7 Qxb7 13. Nde2 d6 14. h3 Rac8 15. Nf4 Rfd8 16. Qe2 a6 17. Rac1 Rb8 18. Ncd5 Nxd5 19. cxd5 Rbc8 20. Bd4 b5 21. Qb2 Bf6 22. Rcd1 Rc7 23. Rd2 Rdc8 24. Rfd1 a5 25. Kh1 b4 26. Kh2 Rc3 27. Ne2 R3c7 28. f4 Nd7 29. Bxf6 Nxf6 30. Ng3 Rc3 31. e4 Rxg3 32. Kxg3 Nxe4+ 33. Kh2 Nxd2 34. Qxd2 Rc3 35. f5 f6 36. Qe2 Kg7 37. Qe6 Rc2 38. Re1 Rxa2 39. Qxe7+ Qxe7 40. Rxe7+ Kg8 41. Rd7 a4 42. Rxd6 axb3 43. fxg6 hxg6 44. Rxf6 b2 0-1


[Site "https://www.chess.com"]

[Event "Titled Tuesday Blitz July 11 Early 2023"]
[White "ArtemDyachuk"]
[Black "Goswami, Vedant"]
[BlackFideId "5003725"]
[WhiteElo "2572"]
[BlackElo "2376"]
[Result "1-0"]
[Round "3"]
[TimeControl "180+2"]
[Date "2023.07.11"]
[WhiteClock "0:00:53"]
[BlackClock "0:00:00"]
[Board "125"]

1. e4 c6 2. d4 d5 3. e5 Bf5 4. Nf3 e6 5. Be2 Nd7 6. O-O Ne7 7. Be3 Bg4 8. Nbd2 Nf5 9. Bf4 Be7 10. h3 Bxf3 11. Nxf3 g5 12. Bd2 h5 13. c3 g4 14. Ne1 gxh3 15. g3 Bg5 16. Kh2 Qe7 17. Nf3 Bxd2 18. Qxd2 h4 19. g4 Nh6 20. Qg5 f6 21. Qg6+ Qf7 22. Bd3 Ke7 23. exf6+ Nxf6 24. Qxf7+ Nxf7 25. Kxh3 Rag8 26. Rae1 Nxg4 27. Bf5 Nfh6 28. Rxe6+ Kf7 29. Bxg4 Nxg4 30. Re2 Rf8 31. Kxg4 h3 32. Ng5+ Kg6 33. Re6+ Kg7 34. Re7+ Kg6 35. Rfe1 Rf6 36. R7e6 h2 37. Rxf6+ Kxf6 38. Rh1 1-0


[Site "https://www.chess.com"]